 Dungeon Crawl Stone Soup version 0.27.0-1-g7a089689b8 (webtiles) character file.

Game seed: 6109947927008970040

12 EnegeticOcto the Covered (level 2, 26/27 HPs)
             Began as a Minotaur Fighter on Aug 8, 2021.
             Was a Follower of Jiyva.
             Quit the game on level 1 of the Dungeon.
             The game lasted 00:00:11 (162 turns).

EnegeticOcto the Covered (Minotaur Fighter)          Turns: 162, Time: 00:00:12

Health: 26/27      AC:  7    Str: 20    XL:     2   Next: 20%
Magic:  1/1        EV:  7    Int:  5    God:    Jiyva [*.....]
Gold:   8          SH:  9    Dex:  9    Spells: 1/1 levels left

rFire    . . .     SeeInvis .   a - +0 war axe
rCold    . . .     Faith    .   c - +0 kite shield
rNeg     . . .     Spirit   .   b - +0 scale mail
rPois    .         Reflect  .   (helmet restricted)
rElec    .         Harm     .   (no cloak)
rCorr    .         Rampage  .   (no gloves)
Will     .....                  (no boots)
Stlth    ..........             (no amulet)
HPRegen  0.09/turn              (no ring)
MPRegen  0.07/turn              (no ring)

@: no status effects
A: horns 2, retaliatory headbutt
a: Renounce Religion, Request Jelly


You were on level 1 of the Dungeon.
You worshipped Jiyva.
Jiyva was aware of your devotion.
You visited 1 branch of the dungeon, and saw 1 of its levels.

You collected 8 gold pieces.

Inventory:

Hand Weapons
 a - a +0 war axe (weapon)
Armour
 b - a +0 scale mail (worn)
 c - a +0 kite shield (worn)
Scrolls
 e - a scroll of identify {unknown}
 f - a scroll of teleportation {unknown}
Potions
 d - a potion of might {@q3}


   Skills:
 + Level 3.8 Fighting
 * Level 2.9 Axes
 + Level 3.8 Armour
 + Level 3.8 Shields


You had one spell level left.
You didn't know any spells.
Your spell library was empty.

Dungeon Overview and Level Annotations

Branches:
Dungeon (1/15)

Altars:
Jiyva


Innate Abilities, Weirdness & Mutations

You have a pair of horns on your head.
You reflexively headbutt those who attack you in melee.


Message History

You block the quokka's attack. The quokka barely misses you.
You hit the quokka.
You kill the quokka!
No target in view!
No target in view!
No target in view!
No target in view!
A frilled lizard comes into view.
The frilled lizard hisses angrily.
A frilled lizard is nearby!
A frilled lizard is nearby!
Found a stone staircase leading down.
A kobold comes into view. It is wielding a +0 dagger.
You block the frilled lizard's attack.
You hit the frilled lizard.
You kill the frilled lizard!
An endoplasm comes into view.
The endoplasm quivers.
Found a hand axe.
You hit the kobold.
The kobold is severely wounded.
The kobold hits you but does no damage. x2
You hit the kobold.
You kill the kobold!
You slash the endoplasm!
You kill the endoplasm!
You have reached level 2!
Things that are here:
a +0 dagger; a kobold corpse
f - a scroll labelled VAR SEFEEPPU A ball python comes into view.
Found a scroll labelled VAR SEFEEPPU.
A ball python is nearby!
A ball python is nearby!
A ball python is nearby!
A ball python is nearby!
A ball python is nearby!
Your shield and scale mail prevent you from hitting the ball python.
The ball python bites you but does no damage.
The ball python barely misses you. The ball python bites you.
The ball python grabs you. The ball python constricts you.
You slash the ball python!
You kill the ball python!
No target in view!
No target in view!
No target in view!
No target in view!
No target in view!
HP restored.
An endoplasm comes into view.
The endoplasm quivers.
You see here a ball python corpse.
An endoplasm is nearby!
An endoplasm is nearby!
A goblin comes into view. It is wielding a +0 dagger.
The goblin shouts!
The goblin moves out of view.
Found 12 gold pieces.
You block the endoplasm's attack.
You slash the endoplasm!
You kill the endoplasm!
You block the goblin's attack.
Found a faded altar of an unknown god.
You hit the goblin. Your headbutt misses the goblin.
The goblin is moderately wounded.
The goblin hits you but does no damage. You block the goblin's attack.
You closely miss the goblin. Your headbutt misses the goblin.
The goblin is moderately wounded.
You block the goblin's attack. The goblin hits you but does no damage.
You hit the goblin.
The goblin is heavily wounded.
The goblin closely misses you.
You hit the goblin. Your headbutt misses the goblin.
The goblin is almost dead.
You block the goblin's attack. The goblin hits you but does no damage.
A goblin is nearby!
A goblin is nearby!
A goblin is nearby!
A goblin is nearby!
You closely miss the goblin. Your headbutt misses the goblin.
The goblin is severely wounded.
You block the goblin's attack. The goblin hits you with a +0 dagger.
You slash the goblin!
You kill the goblin!
No target in view!
No target in view!
No target in view!
No target in view!
No target in view!
Found 11 gold pieces.
You see here a +0 dagger.
You hit the fungus but do no damage. You slash the plant!
The plant begins to die.
You hit the fungus but do no damage.
A nearby plant withers and dies.
There is a faded altar of an unknown god here.
You cannot tell which god this altar belongs to.
Convert to them anyway?
Jiyva accepts your prayer! Jiyva welcomes you! Jiyva grants you a jelly!
You can now request a jelly.
Are you sure you want to abandon this character and quit the game? (Confirm with "yes".)

...#.....###.........#
..........##.........#
...........#..)......#
...........#.........# #
...........#.........#..
...........#.P.........#
...........#...♣..♣.....
................P♣...$..
............)P♣P@P♣...
......).......PPJ.P.....
.#...........P..♣♣♣P....
.#............... P....
.#..†............ ...
#........###...#.. ..
............... .. .
.........#...#.
##....>..#.#


You could see a neutral jelly (wandering) (fellow slime).

Vanquished Creatures
  A ball python (D:1)
  A bat (D:1)
  2 endoplasms (D:1)
  2 goblins (D:1)
  A quokka (D:1)
  3 frilled lizards (D:1)
  A kobold (D:1)
11 creatures vanquished.

Vanquished Creatures (others)
  A plant (D:1)
1 creature vanquished.

Grand Total: 12 creatures vanquished

Notes
Turn   | Place    | Note
-------+----------+-------------------------------------------
     0 | D:1      | EnegeticOcto the Minotaur Fighter began the quest for the
                  | Orb.
     0 | D:1      | Reached XP level 1. HP: 19/19 MP: 0/0
   113 | D:1      | Reached XP level 2. HP: 27/27 MP: 1/1
   145 | D:1      | Found a faded altar of an unknown god.
   161 | D:1      | Became a worshipper of Jiyva Jeleavy the Shapeless
   161 | D:1      | Reached * piety under Jiyva
   162 | D:1      | Quit the game

Illustrated notes

Levels and vault maps discovered:
D:1:      lightli_arrival_windingriver, layout_rooms,
          dreamdust_ecumenical_altar_grove, minmay_misc_feat_tiny

Action                   || total
-------------------------++-------
Melee: War axe           ||    23
       Headbutt          ||     1
Armor: Scale mail        ||    13
Dodge: Dodged            ||     7
Block: Kite shield       ||    14
